 Dungeon Crawl Stone Soup version 0.20-a0-700-gbd4582c (webtiles) character file.

31039 Kaname the Slicer (level 13, -19/86 HPs)
             Began as a Demonspawn Enchanter on Feb 20, 2017.
             Was a High Priest of Vehumet.
             Demolished by a two-headed ogre
             ... wielding a +0 giant club
              (24 damage)
             ... on level 14 of the Dungeon on Feb 21, 2017.
             The game lasted 01:45:51 (25443 turns).

Kaname the Slicer (Demonspawn Enchanter)           Turns: 25443, Time: 01:45:52

Health: -19/86     AC:  8    Str: 10    XL:     13   Next: 23%
Magic:  27/31      EV: 13    Int: 21    God:    Vehumet [*****.]
Gold:   245        SH:  5    Dex: 13    Spells: 1/24 levels left

rFire    . . .     SeeInvis .   Q - +6 dagger (elec)
rCold    + + .     Gourm    .   A - +1 robe {rC+}
rNeg     . . .     Faith    .   c - +0 buckler
rPois    .         Spirit   .   o - +0 helmet
rElec    .         Reflect  .   D - +0 cloak {MR+}
rCorr    .         Harm     +   (no gloves)
MR       ++...                  h - +2 pair of boots
Stlth    +++++.....             B - amulet of harm
Regen    0.3/turn               F - ring of protection from magic
MPRegen  0.3/turn               U - ring of magical power

@: no status effects
A: claws 2, cold resistance 1, nightstalker 2, sturdy frame 1
a: Renounce Religion


You were on level 14 of the Dungeon.
You worshipped Vehumet.
Vehumet was extremely pleased with you.
You were not hungry.

You visited 3 branches of the dungeon, and saw 16 of its levels.
You also visited: Sewer and Ossuary.

You collected 920 gold pieces.
You spent 675 gold pieces at shops.

Inventory:

Hand Weapons
 Q - a +6 dagger of electrocution (weapon)
Missiles
 i - 4 curare-tipped needles
 O - a throwing net (quivered)
Armour
 c - a +0 buckler (worn)
 h - a +2 pair of boots (worn)
 o - a +0 helmet (worn)
 z - a +2 leather armour of fire resistance
 A - a +1 robe of cold resistance (worn)
 D - a +0 cloak of magic resistance (worn)
Jewellery
 e - an uncursed ring of positive energy
 B - an amulet of harm (around neck)
 F - a ring of protection from magic (right claw)
 N - an uncursed amulet of faith {unknown}
 R - an uncursed ring of resist corrosion
 U - a ring of magical power (left claw)
Wands
 m - a wand of polymorph (2/24)
 r - a wand of disintegration (4/24)
 u - a wand of digging (0/24)
 y - a wand of acid (3/15)
 J - a wand of polymorph (15/24)
 M - a wand of enslavement (11/24)
 T - a wand of paralysis (16/24)
Scrolls
 a - a scroll of magic mapping
 j - 6 scrolls of remove curse
 p - 2 scrolls of teleportation
 t - a scroll of fog
 x - a scroll of holy word
 E - 2 scrolls of immolation
 H - a scroll of silence
 K - a scroll of brand weapon
 P - 3 scrolls of amnesia
Potions
 d - a potion of might
 g - 5 potions of flight
 k - 4 potions of agility
 n - 3 potions of lignification
 v - 4 potions of curing
 w - 2 potions of mutation
 C - 2 potions of brilliance
 G - a potion of resistance
 I - 2 potions of ambrosia
Books
 f - the Tome of Spatial Combat Magic
   (You bought it in a shop on level 10 of the Dungeon)

   Spells                             Type                      Level
   a - Sting                          Conjuration/Poison           1
   b - Flame Tongue                   Conjuration/Fire             1
   c - Blink                          Translocation                2
   d - Throw Icicle                   Conjuration/Ice              4
   e - Fireball                       Conjuration/Fire             5
   f - Orb of Destruction             Conjuration                  7
 L - a book of Air

   Spells                             Type                      Level
   a - Shock                          Conjuration/Air              1
   b - Swiftness                      Charms/Air                   2
   c - Static Discharge               Conjuration/Air              3
   d - Airstrike                      Air                          4
   e - Lightning Bolt                 Conjuration/Air              5
Comestibles
 b - 6 royal jellies
 s - 7 meat rations
 S - 3 chunks of flesh


   Skills:
 - Level 3.2 Fighting
 - Level 9.0 Short Blades
 - Level 3.0 Dodging
 + Level 6.9 Stealth
 - Level 5.3 Shields
 - Level 6.0 Spellcasting
 - Level 6.0 Conjurations
 - Level 8.2 Hexes
 - Level 9.0 Necromancy
 - Level 6.0 Fire Magic
 - Level 6.1 Ice Magic
 - Level 6.1 Air Magic


You had one spell level left.
You knew the following spells:

 Your Spells              Type           Power        Failure   Level  Hunger
a - Tukima's Dance        Hex            #####...     1%          3    ##.....
b - Ensorcelled Hibernat  Hex/Ice        #####.       1%          2    None
c - Confuse               Hex            #####...     1%          3    ##.....
d - Lightning Bolt        Conj/Air       ####......   7%          5    #####..
e - Bolt of Draining      Conj/Necr      #####.....   4%          5    #####..
f - Fireball              Conj/Fire      ####......   7%          5    #####..


Dungeon Overview and Level Annotations

Branches:
Dungeon (14/15)            Temple (1/1) D:5            Lair (0/6) D:10
    Orc (1/2) D:10         Vaults (0/5) D:14

Altars:
Ashenzari
Dithmenos
Elyvilon
Gozag Ieoh Jian
Makhleb
Sif Muna
Uskayaw
Vehumet
Xom
Zin
The Shining One

Shops:
D:10 :   D:12 *

Annotations:
D:14 Urug


Innate Abilities, Weirdness & Mutations

You have very sharp fingernails.
Your flesh is cold resistant. (rC+)
You are significantly more attuned to the shadows.
Your movements are slightly less encumbered by armour. (ER -2)


Message History

You kill the human!
Vehumet accepts your kill.
You feel your power returning.
You see here a human corpse.
Casting: Ensorcelled Hibernation
Confirm with . or Enter, or press ? or * to list all spells.
Aiming: Ensorcelled Hibernation
Press: ? - help, Shift-Dir - straight line, f - two-headed ogre
Aim: a two-headed ogre, wielding a giant club and a giant spiked club (chance to defeat MR: 47%)
The two-headed ogre resists with some effort.
Casting: Ensorcelled Hibernation
Confirm with . or Enter, or press ? or * to list all spells.
Aiming: Ensorcelled Hibernation
Press: ? - help, Shift-Dir - straight line, f/p - two-headed ogre
Aim: a two-headed ogre, wielding a giant club and a giant spiked club (chance to defeat MR: 47%)
The two-headed ogre resists with some effort.
The two-headed ogre hits you with a giant club!!
* * * LOW HITPOINT WARNING * * *
The two-headed ogre hits you with a giant spiked club!!
You die...

,,#.....#....#):..#,,,,,,,,,*
,,#.....#....')...#,,,,,,,,,*
###.....#....#....#......,,,*
........#%...#....#......,,,*
........#....#....#.p....,,,*
........#....#....#......,,,*
........#....#....#.†....,,,*
....#####....###'##......,,,*
....#...........@Op...%..,,,*
....#....................,<,*
....#....................,,,**
.........................,,,,**
.........................,,,,,*
........................,*,,,,*
....................,,,,,,,,,,*
..........######...,,,,,,,,,,,*
....∩<....# *..,,,,,,,,,,,**


You could see a two-headed ogre and a human.

Vanquished Creatures
  Nessos (D:14)
  Erica (D:9)
  A centaur warrior (D:13)
  7 two-headed ogres
  A tengu warrior (D:13)
  An orc high priest (Orc:1)
  2 unseen horrors
  3 manticores
  3 ugly things
  3 cyclopes
  The ghost of M4edhros the Covert, a novice OpAr of Gozag (D:6)
  Maurice (D:9)
  Joseph (D:10)
  A gargoyle (D:10)
  A kobold demonologist (D:12)
  3 trolls
  A merfolk (D:9)
  The ghost of mora the Archer, an amateur CeHu (Ossuary)
  3 slime creatures (D:13)
  5 hippogriffs
  Sigmund (D:6)
  3 wyverns
  A shadow (D:14)
  6 yaks
  13 humans (D:14)
  A basilisk (D:10)
  A wraith (D:12)
  2 vampires
  3 hungry ghosts
  2 soldier ants (D:13)
  A warg (Orc:1)
  A naga (shapeshifter) (D:12)
  Duvessa (D:5)
  10 orc warriors
  4 porcupines (D:10)
  3 ice beasts
  2 sky beasts
  3 black bears
  A necrophage (D:9)
  2 phantoms
  11 ogres
  7 centaurs
  2 crocodiles
  7 big kobolds
  An elf zombie (Ossuary)
  10 bullfrogs
  A gnoll sergeant (D:6)
  2 wyvern skeletons
  4 scorpions
  Dowan (D:5)
  6 wights
  6 howler monkeys
  8 crimson imps
  2 bullfrog zombies (D:9)
  4 centaur zombies
  6 hounds
  3 centaur skeletons
  10 orc priests
  A human zombie (Ossuary)
  3 jellies
  11 orc wizards
  A bullfrog skeleton (D:4)
  7 iguanas
  12 worker ants
  Terence (D:3)
  A killer bee zombie (D:7)
  A hound zombie (D:9)
  3 mummies (Ossuary)
  A hound skeleton (D:7)
  Robin (D:2)
  7 gnolls
  8 river rats
  12 adders
  A howler monkey skeleton (D:5)
  2 shadow imps
  An adder skeleton (D:4)
  5 adder zombies
  2 worms
  2 dart slugs
  14 leopard geckos
  59 orcs
  5 bats
  11 giant cockroaches
  11 goblins
  16 hobgoblins
  29 jackals
  11 quokkas
  5 ball pythons (Sewer)
  9 frilled lizards
  3 goblin zombies (Ossuary)
  36 kobolds
  3 kobold zombies (Ossuary)
  3 quokka zombies (Ossuary)
  27 rats
  3 rat zombies (Ossuary)
521 creatures vanquished.

Vanquished Creatures (collateral kills)
  An orc warrior (D:10)
  A quasit (D:9)
2 creatures vanquished.

Vanquished Creatures (others)
  An unseen horror (D:12)
  A dancing weapon (D:6)
  A bush (D:10)
  A fire vortex (D:12)
  10 plants (D:10)
14 creatures vanquished.

Grand Total: 537 creatures vanquished

Notes
Turn   | Place    | Note
-------+----------+-------------------------------------------
     0 | D:1      | Kaname the Demonspawn Enchanter began the quest for the Orb.
     0 | D:1      | Reached XP level 1. HP: 13/13 MP: 3/3
    27 | D:1      | Reached skill level 1 in Short Blades
   138 | D:1      | Gained mutation: You are slightly more attuned to the shadows. [demonic ancestry]
   138 | D:1      | Reached XP level 2. HP: 3/19 MP: 5/5
   400 | D:1      | Learned a level 2 spell: Ensorcelled Hibernation
  1048 | D:1      | Reached skill level 1 in Ice Magic
  1136 | D:1      | Gained mutation: You have sharp fingernails. [demonic ancestry]
  1136 | D:1      | Reached XP level 3. HP: 19/24 MP: 6/6
  1385 | D:2      | Noticed Robin
  1780 | D:2      | Killed Robin
  1780 | D:2      | Gained mutation: Your flesh is cold resistant. (rC+) [demonic ancestry]
  1780 | D:2      | Reached XP level 4. HP: 22/30 MP: 3/7
  2865 | D:2      | Learned a level 3 spell: Confuse
  2902 | D:3      | Found an opulent altar of Gozag.
  3016 | D:3      | Found a white marble altar of Elyvilon.
  3027 | D:3      | Found a burning altar of Makhleb.
  3098 | D:3      | Noticed Terence
  3152 | D:3      | Killed Terence
  3526 | D:3      | Reached XP level 5. HP: 31/35 MP: 8/8
  4567 | D:4      | Noticed a centaur
  4578 | D:4      | Killed a centaur
  4578 | D:4      | Gained mutation: You have very sharp fingernails. [demonic ancestry]
  4578 | D:4      | Reached XP level 6. HP: 31/41 MP: 4/9
  4596 | D:3      | Learned a level 3 spell: Tukima's Dance
  4854 | D:4      | Found an ornate altar of the Ieoh Jian Council.
  4958 | D:4      | Reached skill level 5 in Short Blades
  5437 | D:4      | Found a shadowy altar of Dithmenos.
  5804 | D:4      | Found a shattered altar of Ashenzari.
  5864 | D:4      | Reached skill level 5 in Hexes
  5864 | D:4      | Reached XP level 7. HP: 26/46 MP: 10/10
  6053 | D:4      | Paralysed by something for 6 turns
  6063 | D:4      | Paralysed by something for 6 turns
  6067 | D:4      | HP: 2/46 [orc/hand axe (3)]
  6675 | D:5      | Entered Level 5 of the Dungeon
  6810 | D:5      | Found a staircase to the Ecumenical Temple.
  6828 | Temple   | Entered the Ecumenical Temple
  6848 | Temple   | Became a worshipper of Vehumet
  7069 | D:5      | Noticed Duvessa
  7206 | D:5      | Reached XP level 8. HP: 52/52 MP: 11/11
  7219 | D:5      | Noticed Dowan
  7229 | D:5      | Killed Dowan
  7331 | D:5      | Reached skill level 5 in Stealth
  7391 | D:5      | Got a smoking flail
  7401 | D:5      | Identified the cursed +1 flail "Zuifon" {antimagic, rElec rN++} (You found it on level 5 of the Dungeon)
  7491 | D:5      | Killed Duvessa
  7671 | D:6      | Noticed M4edhros's ghost (novice OpAr)
  7890 | D:6      | Reached * piety under Vehumet
  7890 | D:6      | Offered knowledge of Sting by Vehumet.
  7935 | D:6      | Found a glowing drain.
  7939 | Sewer    | Entered a sewer
  8050 | Sewer    | Reached skill level 1 in Fighting
  8466 | Sewer    | Offered knowledge of Throw Flame by Vehumet.
  8471 | Sewer    | Learned a level 2 spell: Throw Flame
  8486 | Sewer    | Reached ** piety under Vehumet
  8716 | Sewer    | Reached skill level 1 in Fire Magic
  8740 | Sewer    | Reached skill level 1 in Conjurations
  9066 | D:6      | Gained mutation: Your movements are slightly less encumbered by armour. (ER -2) [demonic ancestry]
  9066 | D:6      | Reached XP level 9. HP: 43/64 MP: 6/12
  9118 | D:6      | Found a deep blue altar of Sif Muna.
  9287 | D:6      | Noticed Sigmund
  9300 | D:6      | Killed Sigmund
  9406 | D:6      | Killed M4edhros's ghost
  9608 | D:6      | Offered knowledge of Inner Flame by Vehumet.
  9615 | D:6      | Learned a level 3 spell: Inner Flame
 10095 | D:7      | Reached *** piety under Vehumet
 10179 | D:7      | Noticed a two-headed ogre
 10193 | D:7      | Killed a two-headed ogre
 10223 | D:7      | Identified Egumuoh's Compendium of Companions and Aid
 10298 | D:7      | Found a sand-covered staircase.
 10348 | Ossuary  | Entered an ossuary
 10378 | Ossuary  | Noticed mora's ghost (amateur CeHu)
 10407 | Ossuary  | Killed mora's ghost
 10407 | Ossuary  | Reached XP level 10. HP: 61/70 MP: 10/13
 10515 | Ossuary  | Offered knowledge of Throw Icicle by Vehumet.
 11010 | D:7      | Learned a level 4 spell: Throw Icicle
 11831 | D:8      | Reached **** piety under Vehumet
 12373 | D:8      | Offered knowledge of Stone Arrow by Vehumet.
 12741 | D:9      | Reached skill level 5 in Ice Magic
 12804 | D:9      | Found a shimmering altar of Xom.
 13013 | D:9      | Learned a level 5 spell: Lightning Bolt
 13026 | D:9      | Reached skill level 1 in Air Magic
 13195 | D:9      | Noticed Erica
 13199 | D:9      | Killed Erica
 13510 | D:9      | Noticed Maurice
 13765 | D:9      | Noticed a two-headed ogre
 13775 | D:9      | Killed a two-headed ogre
 13775 | D:9      | Reached skill level 5 in Air Magic
 14390 | D:9      | Gained mutation: You are significantly more attuned to the shadows. [demonic ancestry]
 14390 | D:9      | Reached XP level 11. HP: 52/75 MP: 2/17
 14486 | D:9      | Killed Maurice
 14486 | D:9      | Reached skill level 5 in Conjurations
 14667 | D:10     | Entered Level 10 of the Dungeon
 14993 | D:10     | Found a staircase to the Orcish Mines.
 15227 | D:10     | Noticed Joseph
 15563 | D:10     | Reached ***** piety under Vehumet
 15738 | D:9      | Offered knowledge of Bolt of Draining by Vehumet.
 16699 | D:10     | Reached skill level 5 in Spellcasting
 16887 | D:10     | Learned a level 5 spell: Bolt of Draining
 16912 | D:10     | Found a staircase to the Lair.
 17032 | D:10     | Found Zecitsao's Book Boutique.
 17250 | D:10     | Reached skill level 1 in Necromancy
 17612 | D:10     | Killed Joseph
 17870 | D:10     | Found Zecitsao's Book Boutique.
 17967 | D:10     | Found a staircase to the Orcish Mines.
 18126 | D:10     | Found a staircase to the Lair.
 18245 | D:10     | Reached skill level 5 in Necromancy
 18704 | D:11     | Noticed a two-headed ogre
 18718 | D:11     | Killed a two-headed ogre
 18775 | D:11     | Noticed a white ugly thing
 18785 | D:11     | Killed a white ugly thing
 18884 | D:11     | Noticed a green ugly thing
 18892 | D:11     | Killed a green ugly thing
 19541 | D:12     | Reached XP level 12. HP: 34/81 MP: 17/20
 19862 | Orc:1    | Entered Level 1 of the Orcish Mines
 19887 | Orc:1    | Noticed an orc high priest
 19893 | Orc:1    | Killed an orc high priest
 20210 | D:10     | Bought the Tome of Spatial Combat Magic for 675 gold pieces
 21213 | D:12     | Learned a level 5 spell: Fireball
 21347 | D:12     | Found Xisiung's Assorted Antiques.
 21369 | D:12     | Noticed a two-headed ogre
 21764 | D:12     | Killed a two-headed ogre
 21821 | D:12     | Reached skill level 5 in Fire Magic
 22638 | D:13     | Reached skill level 1 in Shields
 22775 | D:13     | Noticed a two-headed ogre
 22780 | D:13     | Killed a two-headed ogre
 23313 | D:13     | Noticed a centaur warrior
 23315 | D:13     | Killed a centaur warrior
 23508 | D:13     | Reached skill level 5 in Shields
 23938 | D:13     | Noticed a two-headed ogre
 24332 | D:13     | Noticed a tengu warrior
 24384 | D:13     | Killed a tengu warrior
 24487 | D:13     | Killed a two-headed ogre
 24836 | D:14     | Found a gate to the Vaults.
 24836 | D:14     | Noticed Nessos
 24836 | D:14     | Noticed Urug
 24836 | D:14     | Noticed a two-headed ogre
 24836 | D:14     | Noticed a five-headed hydra
 24868 | D:14     | Noticed a two-headed ogre
 24924 | D:14     | Offered knowledge of Sticky Flame by Vehumet.
 24956 | D:14     | Reached XP level 13. HP: 82/86 MP: 22/22
 25096 | D:14     | Killed Nessos
 25327 | D:14     | HP: 4/86 [human (7)]
 25443 | D:14     | Demolished by a two-headed ogre

Vault maps used:
D:1:      lightli_arrival_statue_moat
D:2:      serial_glass, glass_columns_a, glass_columns_a, glass_columns_c,
          glass_columns_c, uniq_robin
D:3:      nicolae_overflow_crystal_walls, minitemple, first_bread, uniq_terence
D:4:      old_standard_altar, kennysheep_mini_moat,
          nicolae_dithmenos_through_a_glass_darkly
D:5:      minmay_temple_entry_junction, uniq_duvessa
D:6:      overflow_temple_1_default, gup_sewer_entry_spiral, uniq_sigmund
D:7:      minmay_opposing_rooms, nicolae_ossuary_entry_ruins
D:9:      basic_altar, hangedman_fish_farm, uniq_erica, uniq_maurice
D:10:     minmay_lair_entry_grove, david_orc_2, serial_shops, kennysheep_mini,
          uniq_joseph
D:11:     hex_tiny
D:12:     serial_shops, shop
D:14:     david_vaults_3, serial_park_tiny_2,
          portal_ice_cave_entry_animals_and_master, kennysheep_inner_square
Temple:   eino_temple_rhombus
Orc:1:    rock_pile
Sewer:    sewer_minmay_treatment
Ossuary:  ossuary_minmay_chase

Skill      XL: |  1  2  3  4  5  6  7  8  9 10 11 12 13 |
---------------+----------------------------------------+-----
Short Blades   | 1 2 4 5 6 9 |  9.0
Stealth        | 3 4 5 6 |  6.9
Ice Magic      | 1 2 5 6 |  6.1
Hexes          | 4 5 6 7 8 |  8.2
Dodging        | 2 3 |  3.0
Fighting       | 3 |  3.2
Fire Magic     | 2 4 6 |  6.0
Conjurations   | 2 4 6 |  6.0
Spellcasting   | 4 5 6 |  6.0
Air Magic      | 5 6 |  6.1
Necromancy     | 8 9 |  9.0
Shields        | 5 |  5.3

Action                   |  1- 3 |  4- 6 |  7- 9 | 10-12 | 13-15 || total
-------------------------+-------+-------+-------+-------+-------++-------
Melee: Dagger            |   176 |   463 |   154 |   437 |    99 ||  1329
       Rapier            |       |       |   342 |   332 |       ||   674
 Cast: Ensorcelled Hiber |     8 |    29 |    51 |    42 |     6 ||   136
       Corona            |       |     1 |       |       |       ||     1
       Confuse           |       |     4 |     8 |    21 |     7 ||    40
       Tukima's Dance    |       |       |     3 |    16 |       ||    19
       Throw Icicle      |       |       |       |    40 |       ||    40
       Lightning Bolt    |       |       |       |    41 |       ||    41
       Bolt of Draining  |       |       |       |    19 |       ||    19
       Fireball          |       |       |       |     4 |     1 ||     5
Evoke: Wand              |       |       |       |    12 |     2 ||    14
  Use: Scroll            |       |     7 |    10 |    25 |     1 ||    43
       Potion            |       |     7 |     6 |     8 |     3 ||    24
 Stab: Sleeping          |    13 |    22 |    47 |    40 |     4 ||   126
       Distracted        |     1 |       |     5 |     6 |       ||    12
       Confused          |       |       |     5 |     7 |     3 ||    15
  Eat: Chunk             |     3 |    14 |    13 |    49 |     2 ||    81
       Bread ration      |       |     1 |     1 |     6 |       ||     8
       Fruit             |       |       |       |     1 |       ||     1
Armor: Robe              |    59 |       |       |       |    17 ||    76
       Animal skin       |       |   171 |   136 |       |       ||   307
       Leather armour    |       |       |    15 |   166 |     1 ||   182
       Skin              |       |       |    15 |     3 |       ||    18
Dodge: Dodged            |   115 |   246 |   289 |   320 |    32 ||  1002
Block: Buckler           |       |       |       |     8 |     7 ||    15
